 Dungeon Crawl Stone Soup version 0.31-a0-1581-g41d5ff3e7b (webtiles) character file.

Game seed: 2113420287959727178

35 GreatBamboolord the Apothecary (level 3, -3/26 HPs)
             Began as a Merfolk Alchemist on Jan 5, 2024.
             Slain by a sleepcap (18 damage)
             ... on level 1 of the Dungeon.
             The game lasted 00:04:44 (1018 turns).

GreatBamboolord the Apothecary (Merfolk Alchemist)  Turns: 1018, Time: 00:04:45

Health: -3/26      AC:  2    Str:  8    XL:     3   Next: 33%
Magic:  3/6        EV:  2    Int: 16    God:
Gold:   62         SH:  0    Dex: 14    Spells: 3/6 levels left

rFire   . . .        d - +0 whip (vamp)
rCold   . . .        (no shield)
rNeg    . . .        a - +0 robe
rPois   .            (no helmet)
rElec   .            (no cloak)
rCorr   .            (no gloves)
SInv    .            (no boots)
Will    .....        (no amulet)
Stlth   ++           (no ring)
HPRegen 0.24/turn    (no ring)
MPRegen 0.10/turn

%: no passive effects
@: sleeping, held
A: (nimble swimmer 2), mertail
a: no special abilities


You were on level 1 of the Dungeon.
You visited 1 branch of the dungeon, and saw 2 of its levels.

You collected 62 gold pieces.

Inventory:

Hand Weapons
 d - a +0 vampiric whip (weapon)
Armour
 a - a +0 robe (worn)
Scrolls
 e - a scroll of identify {unknown}
Potions
 b - a potion of magic
 c - a potion of resistance {unknown}
 f - a potion of haste {unknown}


   Skills:
 + Level 1.0 Fighting
 * Level 3.2 Dodging
 + Level 2.4 Stealth
 * Level 2.2 Spellcasting
 + Level 1.1 Conjurations
 * Level 0.2 Air Magic
 * Level 4.3 Alchemy


You had 3 spell levels left.
You knew the following spells:

 Your Spells              Type           Power      Damage    Failure   Level
a - Sting                 Conj/Alch      40%        1d5       7%          1
b - Mercury Vapours       Alch/Air       18%        N/A       12%         2

Your spell library contained the following spells:

 Spells                   Type           Power      Damage    Failure   Level
 Mephitic Cloud           Conj/Alch/Air  7%         N/A       28%         3
 Olgreb's Toxic Radiance  Alch           15%        N/A       34%         4
 Sticky Flame             Fire/Alch      8%         2d4       63%         4


Dungeon Overview and Level Annotations

Branches:
Dungeon (2/15)

Altars:


Innate Abilities, Weirdness & Mutations

((You are very nimble when in or above water. (Stealth+, EV+, Speed+++)))
Your lower body shifts to a powerful aquatic tail in water.


Message History

The adder hisses angrily.
The sleepcap attacks as it pursues you! The sleepcap barely misses you.
The hobgoblin hits you.
There is a stone staircase leading up, spattered with blood here.
Hit: d) +0 whip (vamp)
Press: ? - help, Dir - move target, f - ribbon worm
Aim: a ribbon worm (about 23% to evade your +0 vampiric whip)
Okay, then.
The hobgoblin closely misses you. The sleepcap completely misses you.
You climb upwards.
There is a stone staircase leading down here.
Aiming: Sting (safe; 7% risk of failure)
Press: ? - help, Q - select action, (/) - cycle Shift-Dir - straight line, f - hobgoblin
Aim: a hobgoblin (almost dead, 71% to hit)
The sting misses the hobgoblin.
The ribbon worm bites you. The hobgoblin closely misses you.
The sleepcap releases spores at you.
Aiming: Sting (safe; 7% risk of failure)
Press: ? - help, Q - select action, (/) - cycle Shift-Dir - straight line, f/p - hobgoblin
Aim: a hobgoblin (almost dead, 71% to hit)
The sting misses the hobgoblin.
The ribbon worm expels a string of sticky webbing.
The stream of webbing hits you but does no damage.
You are caught in a web!
The hobgoblin barely misses you. The sleepcap barely misses you.
Aiming: Sting (safe; 7% risk of failure)
Press: ? - help, Q - select action, (/) - cycle Shift-Dir - straight line, f/p - hobgoblin
Aim: a hobgoblin (almost dead, 71% to hit)
The sting hits the hobgoblin.
The hobgoblin is poisoned.
You kill the hobgoblin!
The sleepcap releases spores at you.
You are engulfed in a cloud of soporific spores!
You fall asleep.
The ribbon worm expels a string of sticky webbing.
The stream of webbing hits you but does no damage.
You are even more entangled.
Your Fighting skill increases to level 1!
The sleepcap releases spores at you!!
Ouch! That really hurt!
You die...

####################.......# #...
#.......# #... #####.......###.##
###...).......##..#
######...###.########.###
#......#####.# ##........ #######
#....######..###.........
......#####..##w##...............
########<.###.##@f...............
# ##♣##...##.##†.......#####.## #
##...####.##.##.......# #.#
####.###...##.##.#.......# ##.#
...#.#♣###..##.#.#.....).####..##
..##.#....##.#.#.##.........(....
..#♣.#.##.♣#.#.#.♣#........##.###
####.#.#♣.##.#.#.##.....#####.#
#..#.#.##...##.#.#.....## #.#


You could see a sleepcap and a ribbon worm.

Vanquished Creatures
  A dart slug (D:1)
  A ball python (D:1)
  2 endoplasms (D:1)
  2 giant cockroaches (D:1)
  4 goblins (D:1)
  6 hobgoblins (D:1)
  3 kobolds (D:1)
  A quokka (D:1)
  3 bats (D:1)
  A frilled lizard (D:1)
  3 rats (D:1)
27 creatures vanquished.

Notes
Turn   | Place    | Note
-------+----------+-------------------------------------------
     0 | D:1      | GreatBamboolord the Merfolk Alchemist began the quest for
                  | the Orb.
     0 | D:1      | Reached XP level 1. HP: 13/13 MP: 3/3
   191 | D:1      | Reached XP level 2. HP: 19/19 MP: 3/5
   440 | D:1      | Learned a level 2 spell: Mercury Vapours
   471 | D:1      | Reached skill level 1 in Conjurations
   561 | D:1      | Reached XP level 3. HP: 25/25 MP: 3/6
  1018 | D:1      | Reached skill level 1 in Fighting
  1018 | D:1      | Slain by a sleepcap

Illustrated notes

Levels and vault maps discovered:
D:1:      nagdon_arrival_double_spiral, layout_rooms
D:2:      layout_loops_ring

Skill      XL: |  1  2  3 |
---------------+----------+-----
Dodging        | 3 |  3.2
Conjurations   | 1 |  1.1
Fighting       | 1 |  1.0
Stealth        | |  2.4
Spellcasting   | |  2.2
Air Magic      | |  0.2
Alchemy        | |  4.3

Action                     || total
---------------------------++-------
  Melee: Unarmed           ||    23
         Whip              ||    12
   Cast: Sting             ||    43
   Stab: Sleeping          ||     1
 Armour: Robe              ||    26
  Dodge: Dodged            ||    38

Table legend: (Time is in decaauts)
 A = Elapsed time spent in this place.
 B = Non-inter-level travel time spent in this place.
 C = Inter-level travel time spent in this place.
 D = Time resting spent in this place.
 E = Time spent auto-exploring this place.
 F = Levels seen in this place.
 G = Mean time per level.
                   A        B        C        D        E       F      G
               +--------+--------+--------+--------+--------+-----+--------+
         Total |   1019 |    967 |     52 |     52 |    714 |   2 |  509.5 |
       Dungeon |   1019 |    967 |     52 |     52 |    714 |   2 |  509.5 |
               +--------+--------+--------+--------+--------+-----+--------+

Top non-repeatable levels by time:
     D:1: 1010 daAuts
     D:2: 8 daAuts
